NYP
CONNECTICUT TIGERS @ LOS ANGELES (NYP) ANGELS
08/04/2046
 
TOP OF THE 1ST
Connecticut Tigers batting - Pitching for Los Angeles (NYP) Angels : RHP Hector Carrizales
Pitching: RHP Hector Carrizales
Batting: RHB Emil Wilbrink 0-0: Ground out 5-3 (Groundball, 56, EV 82.5 MPH)
Batting: LHB Bobby Adams 0-0: Ball
1-0: Called Strike
1-1: Called Strike
1-2: Ball
2-2: Foul Ball, location: 2F
2-2: Ball
3-2: Base on Balls
Batting: LHB Claudio Kamminga 0-0: Fly out, F9 (Flyball, 9LM, EV 95.6 MPH)
Batting: LHB Andy Sanchez 0-0: Ball
1-0: Foul Ball, location: 2F
1-1: Fly out, F9 (Flyball, 9LS, EV 85.0 MPH)
Top of the 1st over - 0 runs, 0 hits, 0 errors, 1 left on base; Connecticut 0 - Los Angeles (NYP) 0
BOTTOM OF THE 1ST
Los Angeles (NYP) Angels batting - Pitching for Connecticut Tigers : RHP Rich Nunez
Pitching: RHP Rich Nunez
Batting: RHB Khalil Thurston 0-0: Called Strike
0-1: Fly out, F9 (Flyball, 9LM, EV 88.8 MPH)
Batting: RHB Juan Montez 0-0: Ball
1-0: Ball
2-0: Called Strike
2-1: Ball
3-1: Foul Ball, location: 2F
3-2: Strikes out swinging
Batting: LHB Jonathon Walton 0-0: Ball
1-0: Fly out, F8 (Line Drive, 8RD, EV 83.8 MPH)
Bottom of the 1st over - 0 runs, 0 hits, 0 errors, 0 left on base; Connecticut 0 - Los Angeles (NYP) 0
TOP OF THE 2ND
Connecticut Tigers batting - Pitching for Los Angeles (NYP) Angels : RHP Hector Carrizales
Batting: SHB Ryan Clark 0-0: Called Strike
0-1: Called Strike
0-2: DOUBLE (Line Drive, 8RD, EV 101.2 MPH)
Batting: LHB Jon Pedlar 0-0: Ball
1-0: Ball
2-0: Called Strike
2-1: Ball
3-1: Foul Ball, location: 2F
3-2: Fly out, F7 (Line Drive, 7LS, EV 90.6 MPH)
Batting: RHB Jeremiah Washington 0-0: Ball
1-0: Foul Ball, location: 2F
1-1: Called Strike
1-2: Ball
2-2: Fly out, F9 (Flyball, 9, EV 83.1 MPH)
Batting: LHB Glen Boyle 0-0: Fly out, F4 (Line Drive, 4, EV 67.5 MPH)
Top of the 2nd over - 0 runs, 1 hit, 0 errors, 1 left on base; Connecticut 0 - Los Angeles (NYP) 0
BOTTOM OF THE 2ND
Los Angeles (NYP) Angels batting - Pitching for Connecticut Tigers : RHP Rich Nunez
Batting: RHB Oren Jones 0-0: Called Strike
0-1: Ball
1-1: Ball
2-1: Swinging Strike
2-2: Ground out 6-3 (Groundball, 6, EV 81.9 MPH)
Batting: RHB T.J. Gray 0-0: SINGLE (Groundball, 34D, EV 102.5 MPH) (infield hit)
Batting: RHB Josh Faulconer 0-0: Called Strike
0-1: Ball
1-1: Foul Ball, location: 2F
1-2: Strikes out swinging
Batting: LHB Mutsuo IIda 0-0: Called Strike
T.J. Gray is caught stealing 2nd base 2-6
Bottom of the 2nd over - 0 runs, 1 hit, 0 errors, 0 left on base; Connecticut 0 - Los Angeles (NYP) 0
TOP OF THE 3RD
Connecticut Tigers batting - Pitching for Los Angeles (NYP) Angels : RHP Hector Carrizales
Batting: RHB Omar del Pino 0-0: Called Strike
0-1: Called Strike
0-2: Ground out 5-3 (Groundball, 15, EV 83.1 MPH)
Batting: RHB Emil Wilbrink 0-0: Ball
1-0: Ball
2-0: Ball
3-0: Base on Balls
Batting: LHB Bobby Adams 0-0: Ball
1-0: Called Strike
1-1: Foul Ball, location: 2F
1-2: Ball
Emil Wilbrink steals 2nd base (no throw)
2-2: Foul Ball, location: 2F
2-2: Foul Ball, location: 2F
2-2: Ground out 4-3 (Groundball, 4, EV 105.0 MPH)
Emil Wilbrink to third
Batting: LHB Claudio Kamminga 0-0: Ball
1-0: SINGLE (Line Drive, 6D, EV 100.0 MPH)
Emil Wilbrink scores
Batting: LHB Andy Sanchez 0-0: Called Strike
0-1: 2-RUN HOME RUN (Flyball, 89XD, EV 105.6 MPH), Distance : 419 ft
Batting: SHB Ryan Clark 0-0: Ball
1-0: Called Strike
1-1: Fly out, F8 (Flyball, 89M, EV 91.9 MPH)
Top of the 3rd over - 3 runs, 2 hits, 0 errors, 0 left on base; Connecticut 3 - Los Angeles (NYP) 0
BOTTOM OF THE 3RD
Los Angeles (NYP) Angels batting - Pitching for Connecticut Tigers : RHP Rich Nunez
Batting: LHB Mutsuo IIda 0-0: Ball
1-0: Fly out, F8 (Flyball, 8RD, EV 93.8 MPH)
Batting: RHB Bryan Payne 0-0: Swinging Strike
0-1: Foul Ball, location: 2F
0-2: Fly out, F9 (Line Drive, 9S, EV 89.4 MPH)
Batting: RHB J.R. Roberts 0-0: Called Strike
0-1: Ball
1-1: Ball
2-1: Foul Ball, location: 2F
2-2: Ball
3-2: Ground out 5-3 (Groundball, 5, EV 106.9 MPH)
Bottom of the 3rd over - 0 runs, 0 hits, 0 errors, 0 left on base; Connecticut 3 - Los Angeles (NYP) 0
TOP OF THE 4TH
Connecticut Tigers batting - Pitching for Los Angeles (NYP) Angels : RHP Hector Carrizales
Batting: LHB Jon Pedlar 0-0: Ball
1-0: Ball
2-0: Foul Ball, location: 2F
2-1: Ball
3-1: Base on Balls
Batting: RHB Jeremiah Washington 0-0: Ball
1-0: Grounds into double play, 6-4-3 (Groundball, 6, EV 91.2 MPH)
Batting: LHB Glen Boyle 0-0: Ball
1-0: Foul Ball, location: 2F
1-1: SINGLE (Line Drive, 78M, EV 88.1 MPH)
Batting: RHB Omar del Pino 0-0: Ball
1-0: Ball
2-0: DOUBLE (Groundball, 5L, EV 101.9 MPH)
Glen Boyle to third
Runner from 3rd tries for Home, SAFE, throw by LF to trailing runner, SAFE at third!
Batting: RHB Emil Wilbrink 0-0: Ball
Passed Ball!
Omar del Pino scores
1-0: Ball
2-0: Fly out, F8 (Flyball, 8RM, EV 73.8 MPH)
Top of the 4th over - 2 runs, 2 hits, 0 errors, 0 left on base; Connecticut 5 - Los Angeles (NYP) 0
BOTTOM OF THE 4TH
Los Angeles (NYP) Angels batting - Pitching for Connecticut Tigers : RHP Rich Nunez
Batting: RHB Khalil Thurston 0-0: Ball
1-0: Ball
2-0: SINGLE (Line Drive, 6M, EV 97.5 MPH)
Batting: RHB Juan Montez 0-0: Called Strike
Khalil Thurston steals 2nd base
0-1: SINGLE (Groundball, 4M, EV 81.2 MPH) (infield hit)
Khalil Thurston to third
Batting: LHB Jonathon Walton 0-0: Foul Ball, location: 2F
0-1: Ball
1-1: Ball
2-1: Called Strike
2-2: Grounds into double play, 4-6-3 (Groundball, 34, EV 80.6 MPH)
Khalil Thurston scores
Batting: RHB Oren Jones 0-0: Fly out, F3 (Popup, 3S, EV 72.5 MPH)
Bottom of the 4th over - 1 run, 2 hits, 0 errors, 0 left on base; Connecticut 5 - Los Angeles (NYP) 1
TOP OF THE 5TH
Connecticut Tigers batting - Pitching for Los Angeles (NYP) Angels : RHP Hector Carrizales
Batting: LHB Bobby Adams 0-0: Ball
1-0: Fly out, F8 (Flyball, 89M, EV 83.8 MPH)
Batting: LHB Claudio Kamminga 0-0: SINGLE (Groundball, 34D, EV 100.0 MPH)
Batting: LHB Andy Sanchez 0-0: Called Strike
0-1: Called Strike
0-2: Ball
1-2: Fly out, F7 (Flyball, 7, EV 90.6 MPH)
Batting: SHB Ryan Clark 0-0: Ball
1-0: Fly out, F7 (Flyball, 78M, EV 93.1 MPH)
Top of the 5th over - 0 runs, 1 hit, 0 errors, 1 left on base; Connecticut 5 - Los Angeles (NYP) 1
BOTTOM OF THE 5TH
Los Angeles (NYP) Angels batting - Pitching for Connecticut Tigers : RHP Rich Nunez
Batting: RHB T.J. Gray 0-0: Called Strike
0-1: Ball
1-1: Swinging Strike
1-2: Ball
2-2: Ground out 6-3 (Groundball, 6D, EV 101.2 MPH)
Batting: RHB Josh Faulconer 0-0: Ball
1-0: Swinging Strike
1-1: Ball
2-1: Called Strike
2-2: Ball
3-2: Strikes out looking
Batting: LHB Mutsuo IIda 0-0: Swinging Strike
0-1: Foul Ball, location: 2F
0-2: Ball
1-2: Ball
2-2: Ball
3-2: SINGLE (Groundball, 4D, EV 98.8 MPH)
Batting: RHB Bryan Payne 0-0: Foul Ball, location: 2F
0-1: Called Strike
0-2: Ball
Mutsuo IIda is caught stealing 2nd base 2-4
Bottom of the 5th over - 0 runs, 1 hit, 0 errors, 0 left on base; Connecticut 5 - Los Angeles (NYP) 1
TOP OF THE 6TH
Connecticut Tigers batting - Pitching for Los Angeles (NYP) Angels : RHP Hector Carrizales
Batting: LHB Jon Pedlar 0-0: Ground out 6-3 (Groundball, P, EV 88.1 MPH)
Pitching: RHP Tim Mumpower
Batting: RHB Jeremiah Washington 0-0: Called Strike
0-1: Ball
1-1: Ball
2-1: Ball
3-1: Base on Balls
Batting: LHB Glen Boyle 0-0: Foul Ball, location: 2F
0-1: DOUBLE (Flyball, 8RXD, EV 91.2 MPH)
Jeremiah Washington to third
Runner from 3rd tries for Home, SAFE, no throw by CF
Batting: RHB Omar del Pino 0-0: Called Strike
0-1: Foul Ball, location: 2F
0-2: Foul Ball, location: 2F
0-2: Strikes out swinging
Batting: RHB Emil Wilbrink 0-0: Called Strike
0-1: Ball
1-1: Foul Ball, location: 2F
1-2: Foul Ball, location: 2F
1-2: Ground out 6-3 (Groundball, 56, EV 84.4 MPH)
Top of the 6th over - 1 run, 1 hit, 0 errors, 1 left on base; Connecticut 6 - Los Angeles (NYP) 1
BOTTOM OF THE 6TH
Los Angeles (NYP) Angels batting - Pitching for Connecticut Tigers : RHP Rich Nunez
Batting: RHB Bryan Payne 0-0: Ball
1-0: Ball
2-0: SINGLE (Groundball, 56, EV 103.1 MPH) (infield hit)
Batting: RHB J.R. Roberts 0-0: Fly out, F9 (Line Drive, 8RM, EV 103.1 MPH)
Batting: RHB Khalil Thurston 0-0: Ball
1-0: Ground out 4-3 (Groundball, 4, EV 87.5 MPH)
Bryan Payne to second
Batting: RHB Juan Montez 0-0: Ball
1-0: Foul Ball, location: 2F
1-1: Swinging Strike
1-2: Foul Ball, location: 2F
1-2: Ball
2-2: Strikes out looking
Bottom of the 6th over - 0 runs, 1 hit, 0 errors, 1 left on base; Connecticut 6 - Los Angeles (NYP) 1
TOP OF THE 7TH
Connecticut Tigers batting - Pitching for Los Angeles (NYP) Angels : RHP Tim Mumpower
Batting: LHB Bobby Adams 0-0: Ball
1-0: Ball
2-0: Ball
3-0: Foul Ball, location: 2F
3-1: Base on Balls
Pitching: LHP Chris Fuller
Batting: LHB Claudio Kamminga 0-0: Foul Ball, location: 2F
0-1: Foul Ball, location: 2F
0-2: Foul Ball, location: 2F
0-2: SINGLE (Groundball, 34, EV 102.5 MPH)
Bobby Adams to second
Runner from 2nd tries for 3rd, SAFE, throw by RF made to third
Batting: LHB Andy Sanchez 0-0: SINGLE (Groundball, 3D, EV 96.2 MPH)
Bobby Adams scores
Claudio Kamminga to second
Batting: SHB Ryan Clark 0-0: Called Strike
0-1: Swinging Strike
0-2: Ball
1-2: Foul Ball, location: 2F
1-2: Ball
2-2: Strikes out swinging
Batting: LHB Jon Pedlar 0-0: Ball
1-0: Ball
2-0: Ball
3-0: Called Strike
3-1: Grounds into double play, 5-4-3 (Groundball, 6S, EV 78.8 MPH)
Top of the 7th over - 1 run, 2 hits, 0 errors, 1 left on base; Connecticut 7 - Los Angeles (NYP) 1
BOTTOM OF THE 7TH
Los Angeles (NYP) Angels batting - Pitching for Connecticut Tigers : RHP Rich Nunez
Batting: LHB Jonathon Walton 0-0: Called Strike
0-1: Swinging Strike
0-2: Ball
1-2: Strikes out looking
Batting: RHB Oren Jones 0-0: Ground out U3 (Groundball, 3, EV 83.8 MPH)
Batting: RHB T.J. Gray 0-0: Ball
1-0: Ground out 4-3 (Groundball, 4, EV 81.2 MPH)
Bottom of the 7th over - 0 runs, 0 hits, 0 errors, 0 left on base; Connecticut 7 - Los Angeles (NYP) 1
TOP OF THE 8TH
Connecticut Tigers batting - Pitching for Los Angeles (NYP) Angels : LHP Chris Fuller
Batting: RHB Jeremiah Washington 0-0: Fly out, F8 (Line Drive, 89M, EV 105.0 MPH)
Batting: LHB Glen Boyle 0-0: Foul Ball, location: 2F
0-1: Foul Ball, location: 2F
0-2: Hit by Pitch
Pitching: RHP Adam Hefner
Batting: RHB Omar del Pino 0-0: Ball
1-0: Foul Ball, location: 2F
1-1: 2-RUN HOME RUN (Flyball, 7LD, EV 96.2 MPH), Distance : 360 ft
Batting: RHB Emil Wilbrink 0-0: Called Strike
0-1: Foul Ball, location: 2F
0-2: Ball
1-2: Ball
2-2: Ball
3-2: Fly out, F3 (Popup, 3L, EV 68.8 MPH)
Batting: LHB Bobby Adams 0-0: Called Strike
0-1: Ball
1-1: Ball
2-1: Ball
3-1: Fly out, F7 (Flyball, 7LS, EV 81.9 MPH)
Top of the 8th over - 2 runs, 1 hit, 0 errors, 0 left on base; Connecticut 9 - Los Angeles (NYP) 1
BOTTOM OF THE 8TH
Los Angeles (NYP) Angels batting - Pitching for Connecticut Tigers : RHP Rich Nunez
Batting: RHB Josh Faulconer 0-0: Ball
1-0: Ball
2-0: Ball
3-0: Called Strike
3-1: SINGLE (Line Drive, 6D, EV 103.8 MPH)
Batting: LHB Mutsuo IIda 0-0: Called Strike
0-1: Ball
1-1: Foul Ball, location: 2F
1-2: Fly out, F8 (Line Drive, 8LM, EV 85.0 MPH)
Batting: RHB Bryan Payne 0-0: Ball
1-0: SINGLE (Line Drive, 6D, EV 106.2 MPH)
Josh Faulconer to second
Batting: RHB J.R. Roberts 0-0: Called Strike
0-1: Ball
1-1: Ball
2-1: Foul Ball, location: 2F
2-2: Foul Ball, location: 2F
2-2: Strikes out swinging
Batting: RHB Khalil Thurston 0-0: Called Strike
0-1: Ball
1-1: Ground out 1-3 (Groundball, 34S, EV 68.8 MPH)
Bottom of the 8th over - 0 runs, 2 hits, 0 errors, 2 left on base; Connecticut 9 - Los Angeles (NYP) 1
TOP OF THE 9TH
Connecticut Tigers batting - Pitching for Los Angeles (NYP) Angels : RHP Adam Hefner
Pinch Hitting: RHB Miguel Verduzco 0-0: Ball
1-0: Ball
2-0: Called Strike
2-1: DOUBLE (Groundball, 5L, EV 110.6 MPH)
Pitching: RHP Jamie Snyder
Batting: LHB Andy Sanchez 0-0: Ball
1-0: Ball
2-0: Called Strike
2-1: Called Strike
2-2: Ground out 1-3 (Groundball, 13S, EV 63.8 MPH)
Miguel Verduzco to third
Batting: SHB Ryan Clark 0-0: Ball
1-0: Ball
2-0: Ball
3-0: Base on Balls
Batting: LHB Jon Pedlar 0-0: SINGLE (Groundball, 34D, EV 109.4 MPH)
Miguel Verduzco scores
Ryan Clark to second
Runner from 2nd tries for 3rd, SAFE, throw by RF made to third
Batting: RHB Jeremiah Washington 0-0: Ball
1-0: Ball
2-0: Called Strike
2-1: Foul Ball, location: 2F
2-2: Foul Ball, location: 2F
2-2: Foul Ball, location: 2F
2-2: Strikes out swinging
Batting: LHB Glen Boyle 0-0: Ball
1-0: Ball
2-0: Ball
3-0: Base on Balls
Jon Pedlar to second
Batting: RHB Omar del Pino 0-0: Ball
1-0: Ball
2-0: Fly out, F7 (Flyball, 7D, EV 74.4 MPH)
Top of the 9th over - 1 run, 2 hits, 0 errors, 3 left on base; Connecticut 10 - Los Angeles (NYP) 1
BOTTOM OF THE 9TH
Los Angeles (NYP) Angels batting - Pitching for Connecticut Tigers : RHP Rich Nunez
Now at 1B: Miguel Verduzco
Batting: RHB Juan Montez 0-0: Ball
1-0: Foul Ball, location: 2F
1-1: Fly out, F7 (Line Drive, 7S, EV 88.1 MPH)
Pitching: LHP Josh Sinclair
Batting: LHB Jonathon Walton 0-0: Called Strike
0-1: Ball
1-1: Swinging Strike
1-2: Ball
2-2: Foul Ball, location: 2F
2-2: Foul Ball, location: 2F
2-2: Ball
3-2: TRIPLE (Flyball, 78XD, EV 96.9 MPH)
Batting: RHB Oren Jones 0-0: Ball
1-0: Foul Ball, location: 2F
1-1: Foul Ball, location: 2F
1-2: Foul Ball, location: 2F
1-2: Strikes out swinging
Batting: RHB T.J. Gray 0-0: Fly out, F8 (Line Drive, 8RM, EV 97.5 MPH)
Bottom of the 9th over - 0 runs, 1 hit, 0 errors, 1 left on base; Connecticut 10 - Los Angeles (NYP) 1
Tuesday, September 13th , 2022 - OOTP Baseball 23.7 Build 88